 Dungeon Crawl Stone Soup version 0.26.0-16-gc1dbca0489 (webtiles) character file.

Game seed: 7183385125260055798

35 Cykl0x the Skirmisher (level 3, -5/33 HPs)
             Began as a Minotaur Fighter on Jan 19, 2021.
             Killed by nerve-wracking pain
             ... invoked by a shadow imp
             ... summoned by Eustachio
              (12 damage)
             ... on level 4 of the Dungeon.
             The game lasted 00:01:43 (1097 turns).

Cykl0x the Skirmisher (Minotaur Fighter)            Turns: 1097, Time: 00:01:43

Health: -5/33      AC:  8    Str: 21    XL:     3   Next: 17%
Magic:  2/2        EV:  7    Int:  5    God:
Gold:   59         SH:  9    Dex:  9    Spells: 2/2 levels left

rFire    . . .     SeeInvis .   k - +0 scimitar
rCold    . . .     Faith    .   c - +0 kite shield
rNeg     . . .     Spirit   .   b - +0 scale mail
rPois    .         Reflect  .   (helmet restricted)
rElec    .         Harm     .   (no cloak)
rCorr    .         Rampage  .   g - +0 pair of gloves
Will     .....                  (no boots)
Stlth    ..........             (no amulet)
HPRegen  0.11/turn              (no ring)
MPRegen  0.08/turn              (no ring)

@: attractive
A: retaliatory headbutt, horns 2
a: no special abilities


You were on level 4 of the Dungeon.
You visited 1 branch of the dungeon, and saw 3 of its levels.

You collected 59 gold pieces.

Inventory:

Hand Weapons
 a - a +0 long sword
 k - a +0 scimitar (weapon)
Missiles
 f - 32 stones (quivered)
Armour
 b - a +0 scale mail (worn)
 c - a +0 kite shield (worn)
 g - a +0 pair of gloves (worn)
Scrolls
 j - a scroll of identify
Potions
 d - a potion of might
 e - a potion of brilliance
 h - a potion of attraction
 i - 2 potions of curing {unknown}


   Skills:
 + Level 4.2 Fighting
 + Level 2.6 Long Blades
 + Level 0.2 Throwing
 + Level 4.0 Armour
 + Level 0.2 Dodging
 + Level 4.1 Shields


You had 2 spell levels left.
You didn't know any spells.
Your spell library was empty.

Dungeon Overview and Level Annotations

Branches:
Dungeon (2/15)

Altars:

Annotations:
D:4 Eustachio


Innate Abilities, Weirdness & Mutations

You reflexively headbutt those who attack you in melee.
You have a pair of horns on your head.


Message History

The iron imp hits you. The crimson imp hits you.
Unknown command.
Your shield and scale mail prevent you from hitting Eustachio.
You headbutt Eustachio.
Eustachio is almost dead.
You block Eustachio's attack. The iron imp hits you.
* * * LOW HITPOINT WARNING * * *
The crimson imp hits you.
* * * LOW HITPOINT WARNING * * *
You hit Eustachio.
Eustachio is almost dead.
Eustachio casts a spell.
Eustachio blinks!
The iron imp closely misses you. You furiously retaliate!
You headbutt the iron imp!
The crimson imp hits you but does no damage.
It was a potion of attraction.
You feel attractive to monsters. The shadow imp gestures at you.
Pain shoots through your body!
You die...

.## ..### ....###
....... .......
##........ ##...#
...#
###....#....#
#.#@####.....
##.555#.......
#.............
##.............
#................
.................
.@.....##........
#(....# #........
.##..# #..##....


You could see Eustachio, an iron imp (summoned), a crimson imp (summoned) and a
shadow imp (summoned).

Vanquished Creatures
  A shadow imp (D:2)
  2 dart slugs (D:1)
  A leopard gecko (D:1)
  A ball python (D:1)
  3 goblins (D:1)
  A hobgoblin (D:2)
  A quokka (D:2)
  2 bats
  3 frilled lizards
  4 kobolds (D:1)
  7 rats
26 creatures vanquished.

Notes
Turn   | Place    | Note
-------+----------+-------------------------------------------
     0 | D:1      | Cykl0x the Minotaur Fighter began the quest for the Orb.
     0 | D:1      | Reached XP level 1. HP: 19/19 MP: 0/0
   120 | D:1      | Reached XP level 2. HP: 19/27 MP: 1/1
   917 | D:2      | Reached XP level 3. HP: 28/33 MP: 2/2
  1071 | D:2      | You fall into a shaft and drop 2 floors!
  1071 | D:4      | Noticed Eustachio
  1097 | D:4      | Killed from afar by a shadow imp

Illustrated notes

Levels and vault maps discovered:
D:1:      tarquinn_simple_flora_water_e, layout_basic, minmay_curled_crystal
D:2:      layout_basic, kennysheep_slug_shrine, grunt_temple_overflow_open,
          corexii_hall_statues_t, serial_bayou_pond_b, minmay_3d_cube
D:4:      layout_cave_pools, grunt_temple_overflow_gold_and_silver,
          uniq_eustachio

Skill      XL: |  1  2 |
---------------+-------+-----
Fighting       | 4 |  4.2
Shields        | 4 |  4.1
Armour         | 4 |  4.0
Long Blades    | |  2.6
Throwing       | |  0.2
Dodging        | |  0.2

Action                   || total
-------------------------++-------
Melee: Long sword        ||    43
       Headbutt          ||    14
       Scimitar          ||    30
Throw: Stone             ||    52
  Use: Scroll            ||     3
       Potion            ||     1
Armor: Scale mail        ||    33
Dodge: Dodged            ||    33
Block: Kite shield       ||    44
       Rpst.: Long sword ||     2
       Scimitar          ||     3
